 Dungeon Crawl Stone Soup version 0.19-b1-4-gd8a0a2a (webtiles) character file.

1691 Franakus the Destroyer (level 8, -4/48 HPs)
             Began as a Deep Elf Conjurer on Oct 30, 2016.
             Was a Follower of Vehumet.
             Slain by a hippogriff (5 damage)
             ... on level 7 of the Dungeon.
             The game lasted 01:06:11 (4800 turns).

Franakus the Destroyer (Deep Elf Conjurer)          Turns: 4800, Time: 01:06:13

Health: -4/48      AC:  5    Str:  5    XL:     8   Next: 72%
Magic:  27/40      EV: 14    Int: 25    God:    Vehumet [*.....]
Gold:   211        SH:  0    Dex: 15    Spells: 5 memorised, 11 levels left

rFire  . . .     SeeInvis .     l - +4 long sword (freeze) (curse)
rCold  + . .     Gourm    .     L - +2 robe {rC+}
rNeg   . . .     Faith    +     (no shield)
rPois  .         Spirit   .     M - +0 helmet
rElec  .         Reflect  .     (no cloak)
rCorr  .         Harm     .     (no gloves)
MR     .....                    (no boots)
Stlth  +++.......               k - amulet of faith
                                I - ring of magical power
                                j - ring of magical power

@: no status effects
A: talons 1, clever 1, sense surroundings 1, robust 1
a: Renounce Religion


You were on level 7 of the Dungeon.
You worshipped Vehumet.
Vehumet was aware of your devotion.
You were very hungry.

You visited 2 branches of the dungeon, and saw 8 of its levels.
You also visited: Ossuary.

You collected 211 gold pieces.

Inventory:

Hand Weapons
 a - a +0 hunting sling
 l - a cursed +4 long sword of freezing (weapon)
 r - a +3 quarterstaff of chaos
 u - a +1 spear of flaming
 B - a +4 falchion
 K - a +4 spear
Missiles
 e - 118 stones (quivered)
 A - 13 sling bullets
Armour
 v - a +0 helmet
 L - a +2 robe of cold resistance (worn)
 M - a +0 helmet (worn)
Jewellery
 j - a ring of magical power (left hand)
 k - an amulet of faith (around neck)
 y - a +3 ring of dexterity
 I - a ring of magical power (right hand)
Wands
 q - a wand of digging (18/24)
 G - a wand of lightning (9/15)
Scrolls
 g - 2 scrolls of teleportation
 h - a scroll of magic mapping {unknown}
 m - 4 scrolls of remove curse
 n - 4 scrolls of identify
 o - a scroll of immolation {unknown}
 s - 2 scrolls of enchant weapon
 t - 2 scrolls of random uselessness
 w - 2 scrolls of recharging
Potions
 d - 2 potions of agility
 i - 2 potions of ambrosia {unknown}
 p - 3 potions of mutation
 x - 2 potions of flight {unknown}
 z - 3 potions of curing
 C - a potion of lignification {unknown}
 D - a potion of cure mutation {unknown}
 E - a potion of berserk rage {unknown}
 F - a potion of invisibility {unknown}
 J - 4 potions of brilliance {unknown}
Books
 b - a book of Conjurations

   Spells                             Type                      Level
   a - Magic Dart                     Conjuration                  1
   b - Searing Ray                    Conjuration                  2
   c - Dazzling Spray                 Conjuration/Hexes            3
   d - Fulminant Prism                Conjuration/Hexes            4
   e - Iskenderun's Mystic Blast      Conjuration                  4
   f - Iskenderun's Battlesphere      Conjuration/Charms           5
Comestibles
 c - 7 bread rations
 f - 6 meat rations
 H - a beef jerky


   Skills:
 + Level 2.2 Fighting
 + Level 3.9 Dodging
 + Level 5.0 Stealth
 + Level 8.9 Spellcasting
 + Level 9.1 Conjurations
 * Level 1.0 Fire Magic


You had 11 spell levels left.
You knew the following spells:

 Your Spells              Type           Power        Failure   Level  Hunger
a - Magic Dart            Conj           ####         1%          1    None
b - Searing Ray           Conj           ######       1%          2    None
c - Iskenderun's Mystic   Conj           ######..     1%          4    ##.....
d - Iskenderun's Battles  Conj/Chrm      ####....     28%         5    ####...
e - Flame Tongue          Conj/Fire      #####        1%          1    None


Dungeon Overview and Level Annotations

Branches:
Dungeon (7/15)             Temple (1/1) D:6

Altars:
Ashenzari
Cheibriados
Dithmenos
Elyvilon
Fedhas
Gozag
Hepliaklqana
Okawaru
Qazlal
Ru
Sif Muna
Trog
Uskayaw
Vehumet
Xom
Yredelemnul
Zin
The Shining One


Innate Abilities, Weirdness & Mutations

You have sharp toenails.
Your mind is acute. (Int +2)
You passively map a small area around you.
You are robust. (+10% HP)


Message History

Aim: a hippogriff (severely wounded)
The magic dart hits the hippogriff.
The hippogriff is severely wounded.
The hippogriff bites you but does no damage.
The hippogriff pecks you!
* * * LOW HITPOINT WARNING * * *
The hippogriff misses you.
Casting: Magic Dart
Confirm with . or Enter, or press ? or * to list all spells.
Aiming: Iskenderun's Mystic Blast
Press: ? - help, Shift-Dir - straight line, f/p - hippogriff
Aim: a hippogriff (severely wounded)
The orb of energy misses the hippogriff.
Your battlesphere fires!
The barrage of energy hits the hippogriff.
The hippogriff is almost dead.
The hippogriff misses you. The hippogriff pecks you.
* * * LOW HITPOINT WARNING * * *
The hippogriff claws you.
You die...

##...#####.......#
.........####.##.#
##...###......##.#
....## #########.#
##### #.# * * *
#*# , , , #.# *
*#.#####.# ,
#.....H@# *
#########


You could see a hippogriff and a friendly battlesphere.

Vanquished Creatures
  An orc warrior (D:6)
  2 eyes of draining (D:3)
  An ice beast (D:5)
  An elf zombie (Ossuary)
  2 bullfrogs (D:6)
  A scorpion (D:5)
  3 wights (D:6)
  A howler monkey (D:4)
  3 crimson imps
  A centaur zombie (Ossuary)
  A jelly (D:3)
  A hound (D:6)
  2 orc wizards (D:3)
  Crazy Yiuf (D:2)
  A human zombie (Ossuary)
  A centaur skeleton (D:5)
  4 orc priests
  An iguana (D:6)
  3 worker ants
  A big kobold zombie (Ossuary)
  A hound zombie (Ossuary)
  3 mummies (Ossuary)
  Robin (D:2)
  3 adders
  8 gnolls (D:3)
  An ooze (D:2)
  6 adder zombies (Ossuary)
  An adder skeleton (D:5)
  2 worms
  5 dart slugs
  2 leopard geckos
  22 orcs
  5 bats
  3 giant cockroaches
  13 goblins
  8 hobgoblins
  7 jackals
  A quokka (D:3)
  A ball python (D:4)
  13 frilled lizards
  3 gnoll zombies (Ossuary)
  2 goblin zombies (Ossuary)
  5 hobgoblin zombies (Ossuary)
  4 jackal zombies (Ossuary)
  6 kobolds
  4 kobold zombies (Ossuary)
  A leopard gecko skeleton (D:6)
  An orc zombie (Ossuary)
  4 quokka zombies (Ossuary)
  5 rats
  A rat zombie (Ossuary)
174 creatures vanquished.

Notes
Turn   | Place    | Note
-------+----------+-------------------------------------------
     0 | D:1      | Franakus the Deep Elf Conjurer began the quest for the Orb.
     0 | D:1      | Reached XP level 1. HP: 10/10 MP: 6/6
   478 | D:1      | Reached XP level 2. HP: 10/15 MP: 5/8
   482 | D:1      | Learned a level 2 spell: Searing Ray
   523 | D:2      | Reached skill level 5 in Conjurations
   664 | D:2      | Reached XP level 3. HP: 14/19 MP: 3/9
   732 | D:2      | Found a white marble altar of Elyvilon.
   851 | D:2      | Found a runed door.
   855 | D:2      | Noticed Crazy Yiuf
   859 | D:2      | Killed Crazy Yiuf
   859 | D:2      | Reached XP level 4. HP: 24/24 MP: 11/11
   923 | D:2      | Noticed Robin
   934 | D:2      | Killed Robin
   956 | D:2      | Reached skill level 6 in Conjurations
  1162 | D:3      | Reached XP level 5. HP: 28/28 MP: 13/13
  1168 | D:3      | Learned a level 4 spell: Iskenderun's Mystic Blast
  1174 | D:3      | Learned a level 5 spell: Iskenderun's Battlesphere
  1378 | D:3      | Found a bloodstained altar of Trog.
  1407 | D:3      | Noticed an eye of draining
  1413 | D:3      | Noticed an eye of draining
  1424 | D:3      | Killed an eye of draining
  1424 | D:3      | Reached skill level 5 in Spellcasting
  1424 | D:3      | Reached XP level 6. HP: 32/32 MP: 0/15
  1711 | D:3      | Reached skill level 7 in Conjurations
  1841 | D:3      | Found a blossoming altar of Fedhas.
  1843 | D:3      | Found a sacrificial altar of Ru.
  2173 | D:3      | Reached XP level 7. HP: 36/36 MP: 10/18
  2207 | D:4      | Found a sand-covered staircase.
  2212 | Ossuary  | Entered an ossuary
  2663 | Ossuary  | Reached skill level 1 in Fighting
  2766 | Ossuary  | Reached skill level 8 in Conjurations
  2784 | D:4      | Gained mutation: Your magical capacity is low. (-10% MP) [potion of mutation]
  2784 | D:4      | Gained mutation: You passively map a small area around you. [potion of mutation]
  2784 | D:4      | Gained mutation: You have sharp toenails. [potion of mutation]
  3088 | D:4      | Found a glowing golden altar of the Shining One.
  3187 | D:4      | Gained mutation: Your mind is acute. (Int +2) [potion of mutation]
  3187 | D:4      | Gained mutation: You are robust. (+10% HP) [potion of mutation]
  3187 | D:4      | Lost mutation: Your magical capacity is low. (-10% MP) [potion of mutation]
  3366 | D:5      | Entered Level 5 of the Dungeon
  3584 | D:5      | Reached XP level 8. HP: 47/47 MP: 21/21
  3682 | D:5      | Found an opulent altar of Gozag.
  3935 | D:6      | Found a staircase to the Ecumenical Temple.
  3939 | Temple   | Entered the Ecumenical Temple
  4023 | Temple   | Became a worshipper of Vehumet
  4310 | D:6      | Reached * piety under Vehumet
  4310 | D:6      | Offered knowledge of Flame Tongue by Vehumet.
  4310 | D:6      | Reached skill level 5 in Stealth
  4313 | D:6      | Learned a level 1 spell: Flame Tongue
  4374 | D:6      | Reached skill level 9 in Conjurations
  4493 | D:6      | Reached skill level 1 in Fire Magic
  4790 | D:7      | Noticed a hippogriff
  4800 | D:7      | HP: 1/48 [hippogriff (4)]
  4800 | D:7      | Slain by a hippogriff

Skill      XL: |  1  2  3  4  5  6  7  8 |
---------------+-------------------------+-----
Conjurations   | 5 6 7 8 9 |  9.1
Spellcasting   | 4 5 6 7 8 |  8.9
Dodging        | 3 |  3.9
Stealth        | 3 4 5 |  5.0
Fighting       | 1 2 |  2.2
Fire Magic     | 1 |  1.0

Action                   |  1- 3 |  4- 6 |  7- 9 || total
-------------------------+-------+-------+-------++-------
Melee: Club              |     6 |       |       ||     6
       Long sword        |       |       |     3 ||     3
 Fire: Hunting sling     |     1 |    18 |    63 ||    82
 Cast: Magic Dart        |    35 |    59 |    62 ||   156
       Searing Ray       |     4 |    21 |    44 ||    69
       Iskenderun's Myst |       |    16 |     9 ||    25
       Flame Tongue      |       |       |     7 ||     7
       Iskenderun's Batt |       |       |     1 ||     1
  Use: Scroll            |     5 |     1 |     4 ||    10
       Potion            |       |       |     3 ||     3
  Eat: Chunk             |       |     6 |     6 ||    12
       Pizza             |       |       |     1 ||     1
Armor: Robe              |       |     5 |     5 ||    10
Dodge: Dodged            |    12 |    22 |    52 ||    86
       Rpst.: Long sword |       |       |     2 ||     2
